 Dungeon Crawl Stone Soup version 0.25.1-2-g60ff931df9 (webtiles) character file.

Game seed: 9875649067999975859

206 pokeman the Magician (level 5, 0/29 HPs)
             Began as a Deep Elf Wizard on Oct 19, 2020.
             Slain by a leopard gecko (2 damage)
             ... on level 6 of the Dungeon.
             The game lasted 00:06:03 (2091 turns).

pokeman the Magician (Deep Elf Wizard)              Turns: 2091, Time: 00:06:03

Health: 0/29       AC:  6    Str:  4    XL:     5   Next: 53%
Magic:  7/15       EV: 11    Int: 30    God:
Gold:   141        SH:  0    Dex: 13    Spells: 5/16 levels left

rFire    . . .     SeeInvis +   (no weapon)
rCold    . . .     Gourm    .   (no shield)
rNeg     . . .     Faith    .   p - +0 leather armour
rPois    .         Spirit   .   t - +1 helmet {SInv}
rElec    .         Reflect  .   (no cloak)
rCorr    .         Harm     .   (no gloves)
MR       .....                  m - +0 pair of boots (curse)
Stlth    ++........             c - amulet of magic regeneration
HPRegen  0.09/turn              i - +6 ring of intelligence
MPRegen  0.39/turn              (no ring)

@: no status effects
A: no striking features
a: no special abilities


You were on level 6 of the Dungeon.
You were not hungry.

You visited 1 branch of the dungeon, and saw 4 of its levels.

You collected 141 gold pieces.

Inventory:

Hand Weapons
 v - a +0 whip of flaming
Armour
 b - a +0 hat
 g - a +0 buckler
 m - a cursed +0 pair of boots (worn)
 p - a +0 leather armour (worn)
 t - a +1 helmet of see invisible (worn)
Jewellery
 c - an amulet of magic regeneration (around neck)
 i - a +6 ring of intelligence (left hand)
 o - a cursed ring of teleportation {unknown}
Scrolls
 e - a scroll of enchant armour {unknown}
 f - 4 scrolls of identify {unknown}
 h - 2 scrolls of immolation {unknown}
 j - a scroll of blinking {unknown}
 l - a scroll of fog {unknown}
 q - a scroll of teleportation {unknown}
 r - a scroll of remove curse {unknown}
Potions
 k - a potion of curing {unknown}
 n - a potion of heal wounds {unknown}
 s - a potion of magic {unknown}
 u - a potion of degeneration {unknown}
Comestibles
 a - 10 chunks of flesh
 d - 6 rations


   Skills:
 - Level 1.0 Fighting
 - Level 1.0 Armour
 - Level 2.4 Dodging
 - Level 2.4 Stealth
 + Level 1.0 Shields
 * Level 6.4 Spellcasting
 * Level 3.2 Conjurations
 - Level 1.1 Summonings
 - Level 1.1 Translocations
 + Level 1.2 Fire Magic


You had 5 spell levels left.
You knew the following spells:

 Your Spells              Type           Power        Failure   Level  Hunger
a - Magic Dart            Conj           ####         2%          1    None
b - Mephitic Cloud        Conj/Pois/Air  ###.....     17%         3    None
c - Call Imp              Summ           ###.....     9%          2    None
d - Blink                 Tloc           N/A          9%          2    None
e - Conjure Flame         Conj/Fire      ###.....     11%         3    None

Your spell library contained the following spells:

 Spells                   Type           Power        Failure   Level  Hunger
 Slow                     Hex            #.......     13%         2    None


Dungeon Overview and Level Annotations

Branches:
Dungeon (3/15)

Altars:
Cheibriados
Dithmenos
Qazlal


Message History

Found 19 gold pieces.
The leopard gecko closely misses you.
Found a puce potion.
A bullfrog comes into view.
Found a stone staircase leading up.
A jackal comes into view.
The leopard gecko bites you but does no damage.
The bullfrog gives a loud, deep croak!
You hear an angry growl.
You see here a +0 mace.
You see here a blue potion.
u - a blue potion The leopard gecko bites you.
* * * LOW HITPOINT WARNING * * *
The leopard gecko barely misses you.
Your magical contamination has completely faded away.
Items here: )) [ †† a +0 whip of flaming; a cursed +0 trident; a +0 ring mail; an orc corpse x2
v - a +0 whip of flaming The leopard gecko bites you.
You die...

.## #.. ..# ##..# #.#
...## #.# # #...#
#.####.###.. # #...
##.#.......# ##.###...
#....#####.#
.......?###.h#.#
........).F.l@.#
h####..######.#
.####..######.#####.
<..................$.#
#!F####.....###.#.####
# #####.# .# # #.# .#
#^# .# #.. ..


You could see a bullfrog, a hound and a leopard gecko.

Vanquished Creatures
  3 orc priests
  4 adders
  An ooze (D:3)
  4 worms
  A dart slug (D:2)
  A leopard gecko (D:2)
  8 orcs
  6 bats
  5 giant cockroaches
  8 goblins
  3 hobgoblins
  6 jackals (D:3)
  4 kobolds
  2 quokkas (D:2)
  3 ball pythons
  3 frilled lizards
  A jackal zombie (D:2)
  3 rats
66 creatures vanquished.

Notes
Turn   | Place    | Note
-------+----------+-------------------------------------------
     0 | D:1      | pokeman the Deep Elf Wizard began the quest for the Orb.
     0 | D:1      | Reached XP level 1. HP: 10/10 MP: 7/7
   209 | D:1      | Reached XP level 2. HP: 15/15 MP: 5/9
   835 | D:2      | Reached skill level 5 in Spellcasting
   867 | D:2      | Reached XP level 3. HP: 20/20 MP: 6/11
   972 | D:1      | Learned a level 3 spell: Mephitic Cloud
   975 | D:1      | Learned a level 2 spell: Call Imp
   978 | D:1      | Learned a level 2 spell: Blink
   982 | D:1      | Learned a level 3 spell: Conjure Flame
  1269 | D:2      | Reached skill level 1 in Fighting
  1291 | D:2      | Reached skill level 1 in Armour
  1343 | D:2      | Reached XP level 4. HP: 25/25 MP: 7/13
  1861 | D:3      | Found a snail-covered altar of Cheibriados.
  1861 | D:3      | Found a stormy altar of Qazlal.
  1862 | D:3      | Found a shadowy altar of Dithmenos.
  1914 | D:3      | Reached skill level 6 in Spellcasting
  1914 | D:3      | Reached XP level 5. HP: 29/29 MP: 4/15
  2045 | D:3      | You fall into a shaft and drop 3 floors!
  2066 | D:6      | Reached skill level 1 in Fire Magic
  2074 | D:6      | Reached skill level 1 in Shields
  2091 | D:6      | Slain by a leopard gecko

Illustrated notes

Levels and vault maps discovered:
D:1:      dpeg_arrival_brainrot, layout_loops_ring
D:2:      layout_rooms, nrook_campfire
D:3:      layout_loops_ring, gammafunk_temple_overflow_forgotten,
          kennysheep_potato
D:6:      layout_loops_ring, serial_shops, shop, minmay_ogre_servants

Skill      XL: |  1  2  3  4  5 |
---------------+----------------+-----
Spellcasting   | 5 6 |  6.4
Conjurations   | 2 3 |  3.2
Fighting       | 1 |  1.0
Armour         | 1 |  1.0
Fire Magic     | 1 |  1.2
Shields        | 1 |  1.0
Dodging        | |  2.4
Stealth        | |  2.4
Summonings     | |  1.1
Translocations | |  1.1

Action                   |  1- 3 |  4- 6 || total
-------------------------+-------+-------++-------
Melee: Unarmed           |       |     7 ||     7
 Cast: Magic Dart        |   111 |    71 ||   182
       Blink             |     1 |       ||     1
       Mephitic Cloud    |       |     3 ||     3
  Eat: Chunk             |     1 |     2 ||     3
Armor: Robe              |     5 |       ||     5
       Leather armour    |       |     9 ||     9
Dodge: Dodged            |     8 |    19 ||    27
